 Dungeon Crawl Stone Soup version 0.24.0-123-gd5b16e6ec5 (webtiles) character file.

Game seed: 4422616463524450696, levelgen mode: deterministic

232579 Lemonice the Demonic Cataclysm (level 19, 0/235 HPs)
             Began as a Demonspawn Gladiator on Feb 8, 2020.
             Was a High Priest of Qazlal.
             Slain by a caustic shrike (2 damage)
             ... on level 4 of the Depths.
             The game lasted 02:57:54 (31810 turns).

Lemonice the Demonic Cataclysm (DsGl)              Turns: 31810, Time: 02:57:54

Health: 0/235      AC: 39    Str: 26    XL:     19   Next: 17%
Magic:  32/32      EV: 15    Int: 11    God:    Qazlal [*****.]
Gold:   3330       SH:  7    Dex: 20    Spells: 18/18 levels left

rFire    + + +     SeeInvis +   y - +8 falchion of Sudden Death {slice, *Noise rF++ Dex+5}
rCold    + + .     Gourm    .   (no shield)
rNeg     . . .     Faith    .   O - +7 gold dragon scales
rPois    +         Spirit   .   m - +2 helmet
rElec    +         Reflect  .   q - +1 cloak
rCorr    .         Harm     .   T - +2 pair of gloves
MR       +....                  (boots unavailable)
Stlth    ..........             F - amulet of regeneration
HPRegen  0.89/turn              i - ring of see invisible
MPRegen  0.23/turn              U - +3 ring of protection

@: berserking, protected from physical damage, corroded, repel missiles, very
quick
A: hooves 3, thin metallic scales 3, cold resistance 1, demonic guardian 1,
spiny 3
a: Upheaval, Elemental Force, Disaster Area, Renounce Religion


You were on level 4 of the Depths.
You worshipped Qazlal.
Qazlal was extremely pleased with you.
You were full.

You visited 5 branches of the dungeon, and saw 29 of its levels.
You visited the Abyss 1 time.
You also visited: Bailey and Wizlab.

You collected 3473 gold pieces.
You spent 143 gold pieces at shops.

Inventory:

Hand Weapons
 n - a +4 great sword of freezing
 y - the +8 falchion of Sudden Death (weapon) {slice, *Noise rF++ Dex+5}
   (You found it on level 4 of the Dungeon)

   It inflicts extra damage upon your enemies.
   It affects your dexterity (+5).
   It greatly protects you from fire.
   It may make noises in combat.
 Q - a +2 great sword of flaming
Missiles
 d - 8 throwing nets (quivered)
 X - 5 boomerangs of dispersal
Armour
 e - a +2 shield of reflection
 m - a +2 helmet (worn)
 q - a +1 cloak (worn)
 B - a +2 buckler
 O - +7 gold dragon scales (worn)
 T - a +2 pair of gloves (worn)
Jewellery
 i - a ring of see invisible (left hand)
 t - an uncursed ring of protection from cold
 A - the ring "Inufukh" {rF+ rC+}
   (You acquired it on level 5 of the Lair of Beasts)

   [ring of protection from fire]

   It protects you from fire.
   It protects you from cold.
 F - an amulet of regeneration (around neck)
 I - a +3 ring of strength
 U - a +3 ring of protection (right hand)
Wands
 a - a wand of scattershot (2)
 b - a wand of digging (4)
 L - a wand of iceblast (38)
 M - a wand of polymorph (12)
 R - a wand of clouds (6)
 V - a wand of disintegration (18)
 Y - a wand of acid (26)
Scrolls
 c - 2 scrolls of brand weapon
 g - 4 scrolls of immolation
 j - 6 scrolls of teleportation
 k - 17 scrolls of remove curse
 o - 10 scrolls of enchant weapon
 r - a scroll of holy word
 v - 12 scrolls of identify
 x - 4 scrolls of fog
 D - 3 scrolls of magic mapping
 P - 9 scrolls of amnesia
Potions
 l - a potion of agility
 s - 4 potions of mutation
 w - 3 potions of invisibility
 z - a potion of berserk rage
 C - a potion of brilliance
 E - 10 potions of curing
 N - 13 potions of flight
 W - 4 potions of magic
 Z - a potion of resistance
Miscellaneous
 h - a fan of gales
 G - a phantom mirror
 H - a lamp of fire
 K - a box of beasts
Comestibles
 f - 56 rations


   Skills:
 - Level 16.0 Fighting
 - Level 14.0 Long Blades
   Level 4.3 Axes
 - Level 2.0 Throwing
 * Level 14.8 Armour
 - Level 16.2 Dodging
 - Level 19.0 Invocations


You had 18 spell levels left.
You didn't know any spells.
Your spell library contained the following spells:

 Spells                   Type           Power        Failure   Level  Hunger
 Animate Skeleton         Necr           N/A          100%        1    ##.....
 Confusing Touch          Hex            #.....       100%        1    ##.....
 Corona                   Hex            #......      100%        1    ##.....
 Flame Tongue             Conj/Fire      #....        100%        1    ##.....
 Freeze                   Ice            #...         100%        1    ##.....
 Infusion                 Chrm           #...         100%        1    ##.....
 Magic Dart               Conj           #...         100%        1    ##.....
 Shock                    Conj/Air       #...         100%        1    ##.....
 Summon Small Mammal      Summ           #...         100%        1    ##.....
 Call Imp                 Summ           #.......     100%        2    ###....
 Poisonous Vapours        Pois/Air       #.....       100%        2    ###....
 Searing Ray              Conj           #.....       100%        2    ###....
 Shroud of Golubria       Chrm/Tloc      #.....       100%        2    ###....
 Slow                     Hex            #.......     100%        2    ###....
 Song of Slaying          Chrm           #.......     100%        2    ###....
 Sticks to Snakes         Tmut           #.......     100%        2    ###....
 Swiftness                Chrm/Air       #.......     100%        2    ###....
 Throw Frost              Conj/Ice       #.....       100%        2    ###....
 Call Canine Familiar     Summ           #.......     100%        3    ####...
 Confuse                  Hex            #.......     100%        3    ####...
 Conjure Flame            Conj/Fire      #.......     100%        3    ####...
 Dazzling Spray           Conj/Hex       #.....       100%        3    ####...
 Gell's Gravitas          Tloc           #.........   100%        3    ####...
 Inner Flame              Hex/Fire       #.......     100%        3    ####...
 Mephitic Cloud           Conj/Pois/Air  #.......     100%        3    ####...
 Ozocubu's Armour         Chrm/Ice       #.......     100%        3    ####...
 Portal Projectile        Hex/Tloc       #.....       100%        3    ####...
 Recall                   Summ/Tloc      N/A          100%        3    ####...
 Regeneration             Chrm/Necr      #.........   100%        3    ####...
 Spectral Weapon          Hex/Chrm       #.......     100%        3    ####...
 Static Discharge         Conj/Air       #.......     100%        3    ####...
 Summon Guardian Golem    Hex/Summ       #.......     100%        3    ####...
 Airstrike                Air            #.........   100%        4    #####..
 Cause Fear               Hex            #.........   100%        4    #####..
 Force Lance              Conj/Tloc      #.......     100%        4    #####..
 Fulminant Prism          Conj/Hex       #.........   100%        4    #####..
 Iskenderun's Mystic Bla  Conj           #.......     100%        4    #####..
 Leda's Liquefaction      Hex/Erth       #.........   100%        4    #####..
 Passage of Golubria      Tloc           N/A          100%        4    #####..
 Petrify                  Tmut/Erth      #.......     100%        4    #####..
 Summon Ice Beast         Ice/Summ       #.......     100%        4    #####..
 Summon Lightning Spire   Summ/Air       #.......     100%        4    #####..
 Throw Icicle             Conj/Ice       #.......     100%        4    #####..
 Dispel Undead            Necr           #.......     100%        5    ######.
 Irradiate                Conj/Tmut      #.........   100%        5    ######.
 Lightning Bolt           Conj/Air       #.........   100%        5    ######.
 Metabolic Englaciation   Hex/Ice        #.........   100%        5    ######.
 Yara's Violent Unravell  Hex/Tmut       #.........   100%        5    ######.
 Bolt of Fire             Conj/Fire      #.........   100%        6    #######
 Darkness                 Hex            #.........   100%        6    #######
 Freezing Cloud           Conj/Ice/Air   #.........   100%        6    #######
 Poison Arrow             Conj/Pois      #.........   100%        6    #######
 Statue Form              Tmut/Erth      #........    100%        6    #######
 Dragon Form              Tmut           #.........   100%        7    #######
 Malign Gateway           Summ/Tloc      #.........   100%        7    #######
 Monstrous Menagerie      Summ           #.........   100%        7    #######
 Ring of Flames           Chrm/Fire      #.........   100%        7    #######
 Summon Greater Demon     Summ           #.........   100%        7    #######
 Chain Lightning          Conj/Air       #.........   100%        8    #######
 Lehudib's Crystal Spear  Conj/Erth      #.........   100%        8    #######
 Summon Horrible Things   Summ           #.........   100%        8    #######
 Dragon's Call            Summ           #.........   100%        9    #######
 Fire Storm               Conj/Fire      #.........   100%        9    #######
 Glaciate                 Conj/Ice       #.........   100%        9    #######


Dungeon Overview and Level Annotations

Branches:
Dungeon (15/15)            Temple (1/1) D:7            Lair (6/6) D:8
  Swamp (0/4) Lair:4        Snake (0/4) Lair:4        Slime (0/5) Lair:5
    Orc (2/2) D:9             Elf (0/3) Orc:2        Vaults (0/5) D:13
 Depths (5/5) D:15         Bailey (visited)          WizLab (visited)
    Zot: Depths:5

Altars:
Ashenzari
Cheibriados
Dithmenos
Elyvilon
Hepliaklqana
Kikubaaqudgha
Makhleb
Nemelex Xobeh
Okawaru
Qazlal
Trog
Vehumet
Xom
Yredelemnul
Zin
The Shining One
Lugonu

Shops:
D:10 *   D:11 (   Orc:2 [%:(   Depths:1 !*   Depths:2 ::   Depths:4 =*

Portals:
Hell: Depths:1 Depths:2 Depths:3 Depths:4
Abyss: Depths:1 Depths:2 Depths:4
Pandemonium: Depths:3


Innate Abilities, Weirdness & Mutations

You have hooves in place of feet.
You are completely covered in thin metallic scales. (AC +4, rElec)
Your flesh is cold resistant. (rC+)
A weak demonic guardian rushes to your aid.
You are completely covered in sharp spines.


Message History

The fire dragon closely misses you.
The caustic shrike is struck by your spines.
The caustic shrike closely misses you.
You slash the caustic shrike!
The caustic shrike is severely wounded.
The fire dragon is struck by your spines.
The fire dragon misses you.
You riposte.
You slash the fire dragon!
You kill the fire dragon!
Qazlal accepts your kill.
You miss the caustic shrike. Your kick misses the caustic shrike.
The caustic shrike is severely wounded.
The caustic shrike is struck by your spines.
The caustic shrike claws you!
* * * LOW HITPOINT WARNING * * *
The acid corrodes you!
You are splashed with acid!
* * * LOW HITPOINT WARNING * * *
You hit the caustic shrike. You kick the caustic shrike!
The caustic shrike is almost dead.
The caustic shrike claws you.
You die...

##############
#...>.........
#............. ###
#............. #b#
#............. #@#
#............. #.#
#............. #.#
#............. #.#
#.............
#.###.............
#...'..[..........
#####.............
#.............
#......<......


You could see a caustic shrike.

Vanquished Creatures
  An ancient lich (WizLab)
  2 juggernauts
  Bai Suzhen (Depths:1)
  2 caustic shrikes
  3 golden dragons
  A lich (Depths:2)
  A tentacled monstrosity (Depths:2)
  A titan (Depths:3)
  A quicksilver dragon (Depths:3)
  3 sphinxes
  A tentacled starspawn (Abyss:5)
  Kirke (Lair:6)
  4 storm dragons
  6 fire giants
  2 tengu reavers
  An iron dragon (Depths:2)
  8 frost giants
  A deep elf sorcerer (Abyss:5)
  A deep elf elementalist (Depths:2)
  3 very ugly things
  A spriggan defender (Depths:3)
  8 stone giants
  3 spark wasps
  A vampire knight (Depths:4)
  Azrael (D:15)
  5 ettins
  3 mummy priests (WizLab)
  5 fire dragons
  2 great orbs of eyes
  Erolcha (Orc:1)
  7 yaktaur captains
  Harold (D:8)
  5 rakshasas
  6 hydras
  4 ice dragons
  A spriggan air mage (Depths:3)
  4 centaur warriors
  16 two-headed ogres
  2 catoblepae
  A death knight (D:14)
  An anaconda (shapeshifter) (D:15)
  6 death yaks
  7 deep troll shamans
  5 ogre magi
  3 tengu warriors
  6 deep troll earth magi
  A spriggan berserker (Depths:3)
  A titan zombie (WizLab)
  6 orc high priests (Orc:2)
  Sonja (Lair:3)
  Urug (D:10)
  A fire crab (shapeshifter) (D:15)
  A hell knight (Depths:3)
  6 large abominations (Abyss:5)
  A salamander mystic (Depths:1)
  A golden dragon zombie (Depths:1)
  4 glowing orange brains
  A flayed ghost (Depths:2)
  2 unseen horrors
  A spriggan druid (Depths:2)
  13 deep trolls
  2 unseen horrors (shapeshifter)
  2 wizards
  A lindwurm (Lair:6)
  A necromancer (Depths:1)
  A deep elf archer (Bailey)
  23 ugly things
  A wolf spider (D:14)
  5 orc knights
  13 deep elf magi
  2 manticores (D:13)
  A stone giant zombie (WizLab)
  An orb spider (shapeshifter) (D:15)
  2 orc sorcerers
  3 salamanders (Depths:1)
  A worldbinder (Abyss:5)
  7 elephants
  A salamander (shapeshifter) (D:15)
  3 cyclopes
  An apocalypse crab (Abyss:5)
  6 spiny frogs
  4 black mambas
  2 rust devils
  3 gargoyles
  A spriggan zombie (WizLab)
  A yaktaur zombie (WizLab)
  3 kobold demonologists
  3 komodo dragons (Lair:6)
  A rime drake (shapeshifter) (Depths:2)
  3 ancient zymes (Abyss:5)
  3 rime drakes
  2 catoblepas skeletons (Abyss:5)
  32 yaktaurs
  4 freezing wraiths
  3 guardian mummies (WizLab)
  6 tengu conjurers
  A wind drake (shapeshifter) (Depths:2)
  2 polar bears
  9 trolls
  4 raiju (Abyss:5)
  2 harpy skeletons
  A hornet (D:12)
  33 slime creatures
  17 blink frogs
  Grinder (D:4)
  A fire dragon zombie (Depths:1)
  A dream sheep (shapeshifter) (D:13)
  14 hippogriffs
  4 shadows
  2 wraiths
  5 water elementals
  2 air elementals (Abyss:5)
  A wyvern (shapeshifter) (D:14)
  A centaur simulacrum (D:14)
  26 yaks
  A yak (shapeshifter) (Depths:4)
  4 wyverns
  A human (Lair:6)
  2 vampires
  5 fire elementals
  Grum (D:8)
  2 basilisks
  5 hungry ghosts
  A neqoxec (Abyss:5)
  A steam dragon (D:12)
  10 vampire mosquitoes
  A warg (Orc:1)
  Edmund (D:5)
  An acid dragon (D:12)
  4 hell hounds (D:15)
  8 porcupines
  15 water moccasins
  39 orc warriors
  3 black bears
  A fire dragon simulacrum (Abyss:5)
  3 ice beasts
  4 sky beasts
  An eye of draining (shapeshifter) (D:15)
  An eye of draining (D:11)
  2 necrophages
  18 ogres
  5 phantoms
  15 wolves
  16 centaurs
  3 boggarts (Depths:2)
  15 crocodiles
  8 big kobolds
  24 bullfrogs
  An elf skeleton (D:7)
  2 wyvern zombies
  2 small abominations (Abyss:5)
  2 scorpions
  2 troll zombies (D:9)
  4 killer bees (D:8)
  12 wights
  3 howler monkeys (D:8)
  8 electric eels
  8 crimson imps
  A bullfrog zombie (D:8)
  3 centaur zombies
  A quasit (D:11)
  7 human zombies
  3 jellies
  28 orc priests
  3 bullfrog skeletons
  6 centaur skeletons
  8 hounds
  5 iguanas
  12 worker ants
  5 hell rats (Lair:6)
  27 orc wizards
  4 ogre zombies (D:9)
  2 hound zombies
  A mummy (D:7)
  A worker ant zombie (D:11)
  10 gnolls
  8 adders
  A shadow imp (Depths:4)
  2 oozes
  2 adder skeletons (D:5)
  2 worms (D:2)
  3 dart slugs
  4 leopard geckos
  101 orcs
  3 bats
  3 giant cockroaches
  11 goblins
  12 hobgoblins
  7 jackals
  35 kobolds
  3 quokkas
  5 frilled lizards
  3 goblin skeletons (D:9)
  A goblin zombie (D:9)
  A hobgoblin skeleton (D:9)
  2 hobgoblin zombies (D:9)
  4 orc skeletons (D:9)
  8 orc zombies (D:9)
  2 quokka skeletons
  8 rats
  A bush (Depths:1)
  A fungus (Lair:2)
1090 creatures vanquished.

Vanquished Creatures (collateral kills)
  Snorg (Orc:1)
  A spark wasp (Depths:3)
  A great orb of eyes (Depths:1)
  A death yak (Lair:4)
  A titan skeleton (Depths:1)
  A flayed ghost (Depths:2)
  A deep elf mage (D:14)
  A frost giant zombie (WizLab)
  A demonspawn zombie (WizLab)
  A black mamba (Lair:3)
  3 guardian mummies (WizLab)
  A slime creature (D:13)
  2 blink frogs
  A spriggan zombie (WizLab)
  3 yaks (Lair:3)
  A vampire mosquito (D:14)
  A water moccasin (Lair:6)
  An orc warrior (D:13)
  An ogre (D:6)
  A crocodile (Lair:6)
  A centaur (D:13)
  A human zombie (WizLab)
  A wight (D:6)
  A hound (D:4)
  2 orc wizards (D:7)
  An iguana (D:8)
  An adder skeleton (D:7)
  A worm (D:4)
  A dart slug (D:5)
  An orc (Orc:2)
  A jackal (D:6)
37 creatures vanquished.

Vanquished Creatures (others)
  A water elemental (Abyss:5)
  2 humans (Lair:6)
  3 centaurs (Depths:4)
  A crocodile (Lair:6)
  4 bushes
  11 fungi
  17 plants
  3 starspawn tentacles (Abyss:5)
42 creatures vanquished.

Grand Total: 1169 creatures vanquished

Notes
Turn   | Place    | Note
-------+----------+-------------------------------------------
     0 | D:1      | Lemonice the Demonspawn Gladiator began the quest for the
                  | Orb.
     0 | D:1      | Reached XP level 1. HP: 16/16 MP: 1/1
   117 | D:1      | Gained mutation: You are partially covered in thin metallic
                  | scales. (AC +2) [demonic ancestry]
   117 | D:1      | Reached XP level 2. HP: 16/22 MP: 2/2
   667 | D:2      | Gained mutation: A weak demonic guardian rushes to your
                  | aid. [demonic ancestry]
   667 | D:2      | Reached XP level 3. HP: 15/27 MP: 3/3
  1316 | D:2      | Found a glowing golden altar of the Shining One.
  1496 | D:3      | Reached skill level 1 in Armour
  1569 | D:3      | Gained mutation: You have large cloven feet. [demonic
                  | ancestry]
  1569 | D:3      | Reached XP level 4. HP: 6/34 MP: 4/4
  1852 | D:3      | Found a bloodstained altar of Trog.
  2860 | D:4      | Gained mutation: You are mostly covered in thin metallic
                  | scales. (AC +3) [demonic ancestry]
  2860 | D:4      | Reached XP level 5. HP: 40/40 MP: 5/5
  2977 | D:4      | Noticed an ogre
  2981 | D:4      | Killed an ogre
  3234 | D:4      | Noticed Grinder
  3249 | D:4      | Got a steaming falchion
  3250 | D:4      | Identified the +8 falchion of Sudden Death {slice, *Noise
                  | rF++ Dex+5} (You found it on level 4 of the Dungeon)
  3255 | D:4      | Reached XP level 6. HP: 42/47 MP: 6/6
  3271 | D:4      | Killed Grinder
  3572 | D:5      | Entered Level 5 of the Dungeon
  3572 | D:5      | Noticed Edmund
  3578 | D:5      | Killed Edmund
  3578 | D:5      | Gained mutation: You are partially covered in sharp spines.
                  | [demonic ancestry]
  3578 | D:5      | Reached XP level 7. HP: 31/52 MP: 7/7
  3599 | D:5      | Reached skill level 5 in Long Blades
  3928 | D:5      | Gained mutation: You are completely covered in thin
                  | metallic scales. (AC +4, rElec) [demonic ancestry]
  3928 | D:5      | Reached XP level 8. HP: 58/58 MP: 8/8
  5154 | D:6      | Found a burning altar of Makhleb.
  5154 | D:6      | Found a glowing silver altar of Zin.
  5155 | D:6      | Noticed an angel
  5155 | D:6      | Noticed a balrug
  5573 | D:6      | Gained mutation: You are mostly covered in sharp spines.
                  | [demonic ancestry]
  5573 | D:6      | Reached XP level 9. HP: 63/63 MP: 9/9
  5892 | D:7      | Found a white marble altar of Elyvilon.
  5905 | D:7      | Found a hazy altar of Hepliaklqana.
  5975 | D:7      | Found a snail-covered altar of Cheibriados.
  5983 | D:7      | Found a staircase to the Ecumenical Temple.
  5992 | Temple   | Entered the Ecumenical Temple
  6019 | Temple   | Became a worshipper of Qazlal Stormbringer
  6153 | D:7      | Reached skill level 10 in Long Blades
  6154 | D:7      | Identified Merepnih's Tome of Unholy Secrets and Beguiling
  6161 | D:7      | Got a distressingly furry scale mail
  6162 | D:7      | Identified the +3 scale mail of Supple Strength {MP+9} (You
                  | found it on level 7 of the Dungeon)
  6258 | D:7      | Found an ancient bone altar of Kikubaaqudgha.
  6301 | D:7      | Reached * piety under Qazlal
  6433 | D:7      | Found a radiant altar of Vehumet.
  6749 | D:8      | Found a staircase to the Lair.
  6768 | D:8      | Reached XP level 10. HP: 67/70 MP: 10/10
  6863 | D:8      | Reached ** piety under Qazlal
  6866 | D:8      | Noticed Harold
  6878 | D:8      | Killed Harold
  7218 | D:8      | Noticed Grum
  7234 | D:8      | Killed Grum
  7514 | D:8      | Found a glowing golden altar of the Shining One.
  7516 | D:8      | Found a sacrificial altar of Ru.
  7516 | D:8      | Found a shimmering altar of Xom.
  7518 | D:8      | Found a blossoming altar of Fedhas.
  7518 | D:8      | Found a snail-covered altar of Cheibriados.
  7518 | D:8      | Found a snail-covered altar of Cheibriados.
  8130 | D:9      | Gained mutation: You have hoof-like feet. [demonic
                  | ancestry]
  8130 | D:9      | Reached XP level 11. HP: 75/75 MP: 11/11
  8148 | D:9      | Found a staircase to the Orcish Mines.
  8155 | D:9      | Reached *** piety under Qazlal
  8613 | Orc:1    | Entered Level 1 of the Orcish Mines
  8614 | Orc:1    | Noticed Snorg
  8647 | D:10     | Entered Level 10 of the Dungeon
  8897 | D:10     | Noticed a catoblepas
  8947 | Lair:1   | Entered Level 1 of the Lair of Beasts
  9108 | Lair:1   | Reached skill level 5 in Armour
  9836 | Lair:2   | Reached **** piety under Qazlal
 10724 | Lair:3   | Noticed Sonja
 10730 | Lair:3   | Killed Sonja
 10739 | Lair:3   | Reached skill level 5 in Fighting
 10856 | Lair:3   | Reached skill level 1 in Invocations
 11039 | Lair:3   | Noticed a five-headed hydra
 11301 | D:10     | Found Yhicin's Changing Room.
 11306 | D:10     | Reached skill level 2 in Invocations
 11328 | D:10     | Reached XP level 12. HP: 82/86 MP: 13/13
 11358 | D:10     | Bought a potion of mutation for 104 gold pieces
 11358 | D:10     | Bought a potion of lignification for 39 gold pieces
 11407 | D:10     | Reached skill level 3 in Invocations
 11437 | D:10     | Noticed a two-headed ogre
 11448 | D:10     | Killed a two-headed ogre
 11509 | D:10     | Reached skill level 4 in Invocations
 11689 | D:10     | Found a shadowy altar of Dithmenos.
 11701 | D:10     | Reached skill level 5 in Invocations
 11718 | D:10     | Noticed Urug
 11723 | D:10     | Killed a catoblepas
 11744 | D:10     | Killed Urug
 11744 | D:10     | Reached skill level 6 in Invocations
 11956 | D:11     | Noticed a two-headed ogre
 11989 | D:11     | Reached ***** piety under Qazlal
 11989 | D:11     | Reached skill level 7 in Invocations
 12048 | D:11     | Killed a two-headed ogre
 12111 | D:11     | Reached skill level 8 in Invocations
 12898 | D:11     | Reached skill level 9 in Invocations
 12981 | D:11     | Found Muoliehir's Weapon Shoppe.
 13207 | D:12     | Got a crude leather armour
 13257 | D:12     | Noticed a two-headed ogre
 13284 | D:11     | Identified the +2 leather armour of the True Pharaoh
                  | {+Blink rN+ rCorr Str-4} (You found it on level 12 of the
                  | Dungeon)
 13383 | Orc:1    | Killed Snorg
 13393 | Orc:1    | Noticed Erolcha
 13397 | Orc:1    | Killed Erolcha
 13426 | Orc:1    | Reached skill level 10 in Invocations
 13426 | Orc:1    | Reached XP level 13. HP: 101/101 MP: 8/20
 13768 | Orc:2    | Entered Level 2 of the Orcish Mines
 13769 | Orc:2    | Found a staircase to the Elven Halls.
 14165 | Orc:2    | Reached skill level 10 in Fighting
 14179 | Orc:2    | Reached skill level 11 in Invocations
 14515 | Orc:2    | Reached skill level 12 in Invocations
 14603 | Orc:2    | Found Ihotiyxu's Book Shoppe.
 14606 | Orc:2    | Found Zagolon's Food Emporium.
 14607 | Orc:2    | Found Quxzi's Antique Weapon Shoppe.
 14608 | Orc:2    | Found Buoruho's Antique Armour Shoppe.
 15835 | D:13     | Reached skill level 13 in Invocations
 15853 | D:13     | Found a gate to the Vaults.
 15900 | D:13     | Found a flagged portal.
 15910 | Bailey   | Entered a bailey
 15952 | Bailey   | Reached XP level 14. HP: 115/115 MP: 24/24
 16002 | Bailey   | Reached skill level 14 in Invocations
 16209 | D:13     | Reached skill level 5 in Dodging
 17494 | D:14     | Reached ****** piety under Qazlal
 17861 | D:14     | Paralysed by a great orb of eyes for 4 turns
 17967 | D:14     | Reached skill level 15 in Invocations
 17972 | D:14     | Noticed a fire giant
 18058 | D:14     | Killed a fire giant
 18114 | D:14     | Reached skill level 10 in Dodging
 18117 | D:14     | Identified the cursed +1 great sword of Gazycs {pain, rPois
                  | MR- Dex+2}
 18141 | D:14     | Got a spiked ring mail
 18854 | Lair:3   | Identified a scroll of acquirement
 18865 | Lair:3   | Identified the +5 ring mail of Ymiehutaurgh {Regen+ Str-4
                  | Stlth+} (You found it on level 14 of the Dungeon)
 18868 | Lair:3   | Got a steaming copper amulet
 18872 | Lair:3   | Identified the amulet "Lofudets" {Acrobat rElec rF- Dex+4}
                  | (You acquired it on level 3 of the Lair of Beasts)
 19082 | Lair:4   | Found a staircase to the Snake Pit.
 19186 | Lair:4   | Gained mutation: You are completely covered in sharp
                  | spines. [demonic ancestry]
 19186 | Lair:4   | Reached XP level 15. HP: 124/124 MP: 26/26
 19453 | Lair:4   | You fall into a shaft and drop 2 floors!
 19453 | Lair:6   | Entered Level 6 of the Lair of Beasts
 19465 | Lair:6   | Noticed Kirke
 19473 | Lair:6   | Noticed a sphinx
 19477 | Lair:6   | Killed Kirke
 19540 | Lair:5   | Got a bound silver ring
 19542 | Lair:5   | Identified the ring "Inufukh" {rF+ rC+} (You acquired it on
                  | level 5 of the Lair of Beasts)
 19690 | Lair:5   | Found a staircase to the Slime Pits.
 20482 | Lair:4   | Found a staircase to the Swamp.
 21276 | Lair:6   | Reached skill level 16 in Invocations
 22298 | D:15     | Entered Level 15 of the Dungeon
 22325 | D:15     | Noticed Azrael
 22348 | D:15     | Killed Azrael
 23133 | D:15     | Found a staircase to the Depths.
 23562 | D:15     | Gained mutation: You have hooves in place of feet. [demonic
                  | ancestry]
 23562 | D:15     | Reached XP level 16. HP: 114/133 MP: 28/28
 23766 | Depths:1 | Entered Level 1 of the Depths
 23875 | Depths:1 | Reached skill level 17 in Invocations
 24141 | Depths:1 | Found a gateway to Hell.
 24155 | Depths:1 | Found a one-way gate to the infinite horrors of the Abyss.
 24171 | Depths:1 | Found Sirruz's Mass Market.
 24333 | Depths:1 | Noticed Bai Suzhen
 24370 | Depths:1 | Killed Bai Suzhen
 24500 | Depths:1 | Found Nestoaca's Distillery.
 24515 | Depths:1 | Found a magical portal.
 24759 | WizLab   | Noticed an ancient lich
 24772 | WizLab   | Cast into level 5 of the Abyss (an ancient lich)
 24772 | Abyss:5  | Entered Level 5 of the Abyss
 24797 | Abyss:5  | Found a runed translucent door.
 25049 | Abyss:5  | Noticed a lich
 25057 | Abyss:5  | Found a corrupted altar of Lugonu.
 25059 | Abyss:5  | Noticed a lich
 25219 | Abyss:5  | Noticed a tentacled starspawn
 25239 | Abyss:5  | Killed a tentacled starspawn
 25239 | Abyss:5  | Reached skill level 15 in Fighting
 25258 | WizLab   | Escaped the Abyss
 25274 | WizLab   | Killed an ancient lich
 25274 | WizLab   | Reached skill level 15 in Dodging
 25275 | WizLab   | Reached skill level 18 in Invocations
 25282 | WizLab   | Gained mutation: Your flesh is cold resistant. (rC+)
                  | [demonic ancestry]
 25282 | WizLab   | Reached XP level 17. HP: 59/142 MP: 18/30
 26213 | Depths:2 | Noticed a golden dragon
 26232 | Depths:2 | Killed a golden dragon
 26440 | Depths:2 | Paralysed by a sphinx for 7 turns
 26458 | Depths:2 | Noticed a lich
 26458 | Depths:2 | Paralysed by a lich for 3 turns
 26470 | Depths:2 | Paralysed by a lich for 7 turns
 26480 | Depths:2 | Killed a lich
 26775 | Depths:2 | Found a runed translucent door.
 26775 | Depths:2 | Found a runed translucent door.
 26775 | Depths:2 | Noticed a juggernaut
 26775 | Depths:2 | Noticed a golden dragon
 26808 | Depths:2 | Killed a golden dragon
 27021 | Depths:2 | Killed a juggernaut
 27286 | Depths:2 | Found Hexaem's Book Shoppe.
 27363 | Depths:2 | Found a corrupted altar of Lugonu.
 27371 | Depths:2 | Reached skill level 19 in Invocations
 27441 | Depths:2 | Found Hiejosy's Book Shoppe.
 28345 | Depths:3 | Noticed a tentacled monstrosity
 28370 | Depths:2 | Reached XP level 18. HP: 113/151 MP: 31/31
 28433 | Depths:2 | Killed a tentacled monstrosity
 28444 | Depths:2 | Reached skill level 10 in Armour
 28899 | Depths:3 | Noticed a golden dragon
 28913 | Depths:3 | Killed a golden dragon
 28947 | Depths:3 | Identified the Guide on Unstable Moulding
 28979 | Depths:3 | Noticed a caustic shrike
 28998 | Depths:3 | Killed a caustic shrike
 29338 | Depths:3 | Found a one-way gate leading to the halls of Pandemonium.
 30301 | Depths:4 | Paralysed by a vampire knight for 3 turns
 30796 | Depths:4 | Found Cetsae's Assorted Antiques.
 30851 | Depths:4 | Found Soreofep's Jewellery Emporium.
 31047 | Depths:4 | Reached XP level 19. HP: 157/157 MP: 32/32
 31276 | Depths:4 | You fall into a shaft and drop 1 floor!
 31276 | Depths:5 | Entered Level 5 of the Depths
 31276 | Depths:5 | Noticed a juggernaut
 31291 | Depths:5 | Noticed a caustic shrike
 31303 | Depths:5 | HP: 5/157 [juggernaut (45)]
 31514 | Depths:4 | Killed a caustic shrike
 31550 | Depths:4 | Killed a juggernaut
 31790 | Depths:5 | Noticed a caustic shrike
 31791 | Depths:5 | Noticed a caustic shrike
 31792 | Depths:5 | Noticed a caustic shrike
 31794 | Depths:5 | Noticed a caustic shrike
 31809 | Depths:4 | HP: 2/235 [acid (11)]
 31810 | Depths:4 | Slain by a caustic shrike

Levels and vault maps discovered:
D:1:      dpeg_arrival_erosion, layout_basic, minmay_misc_feat_more_columns,
          minmay_misc_feat_tower, kennysheep_flooded_box, st_stairs_4
D:2:      layout_loops_ring, lemuel_coloured_pillars_altar, serial_bayou,
          serial_bayou_ford_a, serial_bayou_pond_b, serial_bayou_pond_d,
          serial_bayou_shore_a
D:3:      layout_basic, trog_three_pillars_becter
D:4:      layout_basic, first_ration, uniq_grinder
D:5:      layout_basic, uniq_edmund
D:6:      corexii_shantytown, layout_cave_pods,
          grunt_temple_overflow_order_and_chaos_2, kennysheep_generic_room_7
D:7:      layout_basic, nicolae_overflow_quartered_altars,
          lemuel_mausoleum_altar_kikubaaqudgha, minmay_temple_entry_antechambers
D:8:      layout_rooms, doesnt_xom_only_xom, minmay_lair_entry_grove,
          blue_anna_alchemist [blue_anna_fruit_fields, blue_anna_fruit_fields],
          uniq_grum, uniq_harold
D:9:      layout_loops_ring, zombieorc1_lemuel, chequers_hall_statues_y
D:10:     layout_roguey, nicolae_transmutations_shop,
          nicolae_dithmenos_through_a_glass_darkly, uniq_urug
D:11:     layout_basic, serial_shops, nicolae_shop_waterfront
D:12:     layout_irregular_city
D:13:     layout_loops_ring, david_vaults_2, enter_bailey_8
D:14:     minmay_two_paths, layout_cave_pools, small_statue_intersection
D:15:     gammafunk_enter_depths_forms, layout_basic, minmay_misc_feat_cross,
          minmay_strange_pillars, uniq_azrael
Temple:   oiseaux_autumnal_temple
Lair:1:   layout_regular_city, grunt_megastairs_2
Lair:2:   layout_regular_city, serial_bayou_shore_b, lemuel_fruit_tree
Lair:3:   layout_chaotic_city, uniq_sonja
Lair:4:   layout_cave_pods, minmay_swamp_entry_swarm, dummy_snake_entry,
          serial_forest, infiniplex_forest_clump_large,
          infiniplex_forest_lined_3_way, infiniplex_forest_lined_1,
          infiniplex_forest_straight_2, infiniplex_forest_straight_4,
          infiniplex_forest_end_2
Lair:5:   layout_gridlike, slime_dummy
Lair:6:   grunt_lair_end_beastmaster, layout_gridlike, grunt_megastairs_1,
          uniq_kirke
Orc:1:    layout_diamond_mine, uniq_snorg, uniq_erolcha
Orc:2:    st_orc_pillars, layout_caves
Depths:1: layout_cave_pools, hangedman_decor_peaks_small,
          hangedman_abyss_entry_splay, serial_shops, kennysheep_mini,
          hell_entry, infiniplex_enter_wizlab_water, chequers_big_river,
          hangedman_decor_diamond_cutter, minmay_shop_mass, minmay_hedge_maze,
          library_closet, chequers_decorated_corner, minmay_microvault,
          uniq_bai_suzhen
Depths:2: minmay_the_grid_four_pointed_star [minmay_the_grid_triangle_9x9_steps,
          minmay_the_grid_triangle_9x9_stretched_checkered,
          minmay_the_grid_triangle_9x9_pentomino_pain,
          minmay_the_grid_triangle_9x9_tough_junction,
          minmay_the_grid_prize_four_corners_diamond_b], layout_twisted_cross,
          grunt_hell_entry_dis_old, serial_shops, shop, shop,
          abyss_entry_flame_altar, hangedman_abyss_or_decor_slice,
          minmay_misc_feat_plants, roderic_st_hans_cross,
          kilobyte_rumbling_trees
Depths:3: hangedman_arch_fort, layout_cross, dk_noncrumbling_2, hell_entry,
          pan_entry, minmay_checkered_concentric_circles,
          minmay_staircase_statues_hall_small
Depths:4: nicolae_whirlpool, layout_gridlike, serial_shops, shop,
          nrook_campfire, hangedman_tar_grid_catacomb, abyss_entry,
          chequers_serial_rivers_small_3, kennysheep_small_square
Depths:5: grunt_zot_entry_hairpin, layout_cave_shapes, enter_ziggurat_a,
          pan_entry, old_standard_altar, hell_entry, st_stairs_10

Skill      XL: |  1  2  3  4  5  6  7  8  9 10 11 12 13 14 15 16 17 18 |
---------------+-------------------------------------------------------+-----
Throwing       | 2 |  2.0
Axes           | 3 4 |  4.3
Armour         | 1 2 3 8 9 14 | 14.8
Dodging        | 3 4 10 13 15 16 | 16.2
Fighting       | 3 5 9 12 13 14 15 16 | 16.0
Long Blades    | 4 6 9 11 13 14 | 14.0
Invocations    | 2 10 13 15 16 18 19 | 19.0

Action                   |  1- 3 |  4- 6 |  7- 9 | 10-12 | 13-15 | 16-18 | 19-21 || total
-------------------------+-------+-------+-------+-------+-------+-------+-------++-------
Melee: War axe           |    62 |    76 |       |       |       |       |       ||   138
       Kick              |       |    30 |    80 |   269 |   645 |   769 |    55 ||  1848
       Falchion          |       |    24 |   222 |   631 |  1254 |  1261 |    78 ||  3470
       Great sword       |       |       |       |       |    17 |       |       ||    17
Throw: Boomerang         |       |     4 |       |     2 |     4 |       |       ||    10
       Throwing net      |       |       |       |     5 |       |     3 |       ||     8
Invok: Elemental Force   |       |       |       |     2 |       |     5 |       ||     7
       Upheaval          |       |       |       |     5 |    16 |    15 |       ||    36
       Disaster Area     |       |       |       |     1 |       |     1 |       ||     2
Evoke: Wand              |       |       |     1 |     4 |    11 |     7 |       ||    23
  Use: Potion            |     3 |       |       |     1 |       |    20 |     2 ||    26
       Scroll            |       |     1 |     1 |    14 |    25 |    18 |     3 ||    62
 Stab: Sleeping          |       |     1 |     3 |       |       |     1 |       ||     5
       Distracted        |       |       |     1 |     6 |    10 |    18 |       ||    35
       Held in net/web   |       |       |       |     2 |       |       |       ||     2
       Petrified         |       |       |       |       |       |     8 |       ||     8
  Eat: Chunk             |     2 |     7 |    10 |    20 |    21 |    11 |       ||    71
       Ration            |       |       |       |     1 |     5 |     3 |     2 ||    11
Armor: Leather armour    |    24 |    37 |    62 |    13 |       |       |       ||   136
       Ring mail         |       |       |       |   141 |   288 |   200 |       ||   629
       Gold dragon scale |       |       |       |       |       |   389 |    42 ||   431
Dodge: Dodged            |    42 |    78 |    95 |   236 |   504 |   710 |    46 ||  1711
       Deflected         |       |       |       |    11 |    33 |    56 |     6 ||   106
Block: Other             |       |       |     1 |    85 |   269 |   290 |    17 ||   662
       Rpst.: Falchion   |       |     5 |    25 |    59 |    97 |   120 |    15 ||   321
       Great sword       |       |       |       |       |     2 |       |       ||     2
